 Dungeon Crawl Stone Soup version 0.22-a0-388-g09e6169 (webtiles) character file.

106071 Klosterheim the Warrior (level 16, -1/126 HPs)
             Began as a Formicid Gladiator on Apr 30, 2018.
             Was a High Priest of Hepliaklqana.
             Slain by a titanic slime creature (79 damage)
             ... on level 14 of the Dungeon.
             The game lasted 01:27:43 (25295 turns).

Klosterheim the Warrior (Formicid Gladiator)       Turns: 25295, Time: 01:27:43

Health: -1/126     AC: 32    Str: 27    XL:     16   Next: 97%
Magic:  26/26      EV: 11    Int: 13    God:    Hepliaklqana [*****.]
Gold:   2340       SH:  7    Dex: 12    Spells: 15/15 levels left

rFire    . . .     SeeInvis +   z - +2 great mace (venom)
rCold    + + .     Gourm    .   f - +2 buckler
rNeg     + . .     Faith    .   T - +9 plate armour "Zisaufra" {MR- Str+3 Int+3}
rPois    .         Spirit   .   (helmet unavailable)
rElec    .         Reflect  .   p - +1 cloak
rCorr    .         Harm     .   y - +0 pair of gloves
MR       +++..                  F - +2 pair of boots
Stlth    ..........             B - amulet of Rast {rC++ rN+ MR+ Regen+ Str-2}
HPRegen  0.71/turn              j - ring of protection from magic
MPRegen  0.20/turn              k - ring of protection from magic

@: no status effects
A: permanent stasis, dig shafts and tunnels, four strong arms, reduced essence,
antennae 3, talons 1, clever 1, MP-powered wands
a: Dig, Shaft Self, Recall Ancestor, Ancestor Identity, Transference, Idealise,
Renounce Religion


You were on level 14 of the Dungeon.
You worshipped Hepliaklqana.
Hepliaklqana was extremely pleased with you.
You were hungry.

You visited 4 branches of the dungeon, and saw 23 of its levels.
You also visited: Labyrinth and Bailey.

You collected 2504 gold pieces.
You spent 164 gold pieces at shops.

Inventory:

Hand Weapons
 z - a +2 great mace of venom (weapon)
Missiles
 c - 12 throwing nets (quivered)
Armour
 f - a +2 buckler (worn)
 p - a +1 cloak (worn)
 y - a +0 pair of gloves (worn)
 F - a +2 pair of boots (worn)
 I - a +2 plate armour of poison resistance
 T - the +9 plate armour "Zisaufra" (worn) {MR- Str+3 Int+3}
   (You acquired it on level 12 of the Dungeon)

   It affects your strength (+3).
   It affects your intelligence (+3).
   It affects your resistance to hostile enchantments.
Jewellery
 e - an uncursed ring of resist corrosion
 j - a ring of protection from magic (left hand)
 k - a ring of protection from magic (right hand)
 B - the amulet of Rast (around neck) {rC++ rN+ MR+ Regen+ Str-2}
   (You found it on level 9 of the Dungeon)

   [amulet of regeneration]

   It affects your strength (-2).
   It greatly protects you from cold.
   It protects you from negative energy.
   It affects your resistance to hostile enchantments.
   It increases your rate of regeneration.
 U - a +6 ring of dexterity {unknown}
Wands
 a - a wand of flame (66)
 g - a wand of random effects (119)
 l - a wand of clouds (11)
 s - a wand of iceblast (23)
 A - a wand of polymorph (41)
 C - a wand of digging (20)
 G - a wand of enslavement (10)
 K - a wand of acid (16)
 L - a wand of scattershot (6)
Scrolls
 n - 5 scrolls of remove curse
 o - a scroll of fear
 r - 4 scrolls of immolation
 t - 5 scrolls of enchant weapon
 u - 3 scrolls of fog
 w - 11 scrolls of enchant armour
 D - 2 scrolls of holy word
 E - 13 scrolls of identify
 H - 4 scrolls of magic mapping
 Q - 2 scrolls of amnesia
 S - a scroll of silence
Potions
 b - 4 potions of might
 h - 9 potions of mutation
 m - 9 potions of curing
 v - 3 potions of flight
 x - 2 potions of ambrosia {unknown}
 J - 2 potions of agility
 M - a potion of cancellation
 N - 3 potions of heal wounds
 P - a potion of brilliance
 R - a potion of magic {unknown}
Miscellaneous
 i - a lightning rod (4/4)
 O - a lamp of fire
Comestibles
 d - 35 rations


   Skills:
 - Level 17.0 Fighting
 * Level 15.5 Maces & Flails
 - Level 2.0 Throwing
 + Level 12.8 Armour
 - Level 7.0 Dodging
 - Level 4.3 Shields
 + Level 13.3 Invocations


You had 15 spell levels left.
You didn't know any spells.

Dungeon Overview and Level Annotations

Branches:
Dungeon (14/15)            Temple (1/1) D:6            Lair (6/6) D:10
  Swamp (0/4) Lair:2       Spider (0/4) Lair:3        Slime (0/5) Lair:5
    Orc (2/2) D:11            Elf (0/3) Orc:2        Vaults (0/5) D:13

Altars:
Cheibriados
Dithmenos
Elyvilon
Fedhas
Gozag
Hepliaklqana
Kikubaaqudgha
Makhleb
Nemelex Xobeh
Okawaru
Qazlal
Ru
Sif Muna
Trog
Uskayaw
Vehumet
Xom
Yredelemnul
Zin
Jiyva

Shops:
D:6 !   D:12 ?   Orc:2 %:}

Annotations:
D:13 2 transporters, exclusion: orange crystal statue


Innate Abilities, Weirdness & Mutations

You cannot be hasted, slowed, berserked, paralysed or teleported.
You can dig through walls and to a lower floor.
Your four strong arms can wield two-handed weapons with a shield.
You have a pair of large antennae on your head. (SInv)
Your life essence is reduced to manifest your ancestor. (-10% HP)
You have sharp toenails.
Your mind is acute. (Int +2)
You expend magic power (3 MP) to strengthen your wands.


Message History

You hit the titanic slime creature.
The titanic slime creature is heavily wounded.
The titanic slime creature hits you!!
You bludgeon the titanic slime creature!!
The titanic slime creature is heavily wounded.
The titanic slime creature looks more healthy.
Bozena barely misses the titanic slime creature.
The titanic slime creature closely misses you.
You bludgeon the titanic slime creature!!
The titanic slime creature is poisoned.
The titanic slime creature is heavily wounded.
The titanic slime creature hits you!!
Bozena barely misses the titanic slime creature.
Bozena hits the scorpion with a broad axe of flaming.
Bozena burns the scorpion.
You beat the titanic slime creature like a drum!!!
The titanic slime creature is severely wounded.
The titanic slime creature hits you!!!!
Ouch! That really hurt!
You die...

#.................
##...#.#.
#........##........
#...#.#.
(........†.........
###...#...
########R#.####.#.#
#....##.## .## #.#.# #.#.#
##..###'## ..# #.#.# #.#.#
#........# ..#
#.#.####.#.# ............#
..#
#.#......#.#####.........#
..#
#.#....##@...............#
..♣
#.#....#J######..........'
.♣♣
#.....^R.....##.[....[...#
♣♣
#...$........##...........
♣
#.........J..##...........
♣♣ #.........!..#
........# .♣♣
#.............. #####..##
..♣ ##...........### #..#
..♣♣ #...........# #..#


You could see the friendly Bozena the knight and a titanic slime creature.

Vanquished Creatures
  Rupert (D:13)
  Gastronok (Lair:1)
  A stone giant (Orc:1)
  A minotaur (Lab)
  A dire elephant (Lair:6)
  An ettin (D:11)
  Snorg (Lair:5)
  Josephine (Orc:1)
  Harold (Lair:2)
  Fannar (D:12)
  A centaur warrior (D:13)
  6 hydras
  3 two-headed ogres
  A death knight (D:12)
  A queen ant (Lair:3)
  5 death yaks (Lair:3)
  Urug (Orc:1)
  A tengu warrior (D:13)
  3 orc high priests (Orc:2)
  Sonja (Lair:1)
  Nergalle (D:11)
  An unseen horror (D:11)
  2 necromancers (D:13)
  2 wizards (D:14)
  5 orc knights
  3 ugly things
  A manticore (D:13)
  A cyclops (D:12)
  A centaur zombie (D:11)
  5 orc sorcerers
  9 black mambas
  4 elephants (Lair:5)
  Psyche (D:12)
  9 spiny frogs
  A torpor snail (Lair:4)
  A kobold demonologist (D:14)
  2 rime drakes
  3 gargoyles
  9 komodo dragons
  A yaktaur (shapeshifter) (D:13)
  An efreet (D:12)
  8 trolls
  10 polar bears
  A meliai (shapeshifter) (D:13)
  27 blink frogs
  Grinder (D:3)
  9 dream sheep
  2 raiju (Lair:6)
  6 slime creatures
  7 hippogriffs
  The ghost of Mgcat the Insei, an amateur OpTm (D:4)
  6 wraiths
  54 yaks
  4 basilisks
  4 large abominations (D:14)
  5 wyverns
  Eustachio (D:4)
  4 hungry ghosts
  8 wargs
  2 swamp worms (Lair:2)
  An acid dragon (D:11)
  8 soldier ants (Lair:3)
  12 hell hounds (Lair:6)
  Edmund (D:4)
  10 water moccasins
  7 porcupines
  3 ice beasts
  16 black bears
  29 orc warriors
  2 phantoms
  7 sky beasts
  7 ogres
  4 eyes of draining
  5 centaurs
  10 wolves (Lair:6)
  12 crocodiles
  3 big kobolds
  15 bullfrogs
  5 small abominations (D:14)
  8 gnoll sergeants (Bailey)
  An earth elemental (Lab)
  A wyvern zombie (D:14)
  4 scorpions
  A water moccasin skeleton (D:5)
  14 killer bees
  7 wights
  3 howler monkeys
  The ghost of Anon1729 the Firebug, a weakling DsFE (D:3)
  An electric eel (Lair:4)
  A bullfrog zombie (D:9)
  4 crimson imps
  4 jellies
  8 hounds
  A bullfrog skeleton (D:13)
  15 orc priests
  6 gnoll shamans
  21 orc wizards
  Jessica (D:3)
  3 centaur skeletons
  5 iguanas
  Terence (D:3)
  Ijyb (D:5)
  29 worker ants
  A howler monkey zombie (D:6)
  2 worker ant zombies
  13 gnolls
  2 howler monkey skeletons
  10 adders
  3 shadow imps
  8 oozes
  2 adder skeletons
  2 worms
  2 dart slugs (D:2)
  3 leopard geckos
  78 orcs
  3 ball pythons
  7 giant cockroaches
  8 goblins
  10 hobgoblins
  20 jackals
  6 quokkas
  7 bats
  13 frilled lizards
  2 gnoll zombies (D:6)
  A jackal skeleton (D:5)
  9 kobolds
  A leopard gecko skeleton (D:8)
  A leopard gecko zombie (D:5)
  A quokka skeleton (D:8)
  6 rats
  A fungus (D:4)
  A plant (Lair:5)
777 creatures vanquished.

Vanquished Creatures (collateral kills)
  A hydra (D:12)
  An unseen horror (D:13)
  2 wolf spider zombies
  A deep elf mage (D:14)
  An ugly thing (D:13)
  2 cyclopes
  2 slime creatures
  A centaur zombie (D:14)
  A black mamba (Lair:6)
  A centaur skeleton (D:12)
  A spiny frog (Lair:3)
  2 gargoyles
  2 komodo dragons
  2 polar bears
  A troll (D:13)
  A hippogriff (Lair:1)
  A raiju (Lair:6)
  3 blink frogs
  A dream sheep (Lair:5)
  A shadow (D:9)
  A vampire (D:14)
  11 yaks
  2 hungry ghosts
  2 basilisks
  A large abomination (D:14)
  3 wargs
  2 water moccasins
  2 porcupines
  A sky beast (D:11)
  4 orc warriors
  A phantom (D:6)
  6 ogres
  7 wolves (Lair:6)
  A centaur (D:13)
  4 crocodiles
  4 bullfrogs
  A scorpion (D:10)
  2 small abominations (D:14)
  A wyvern skeleton (D:14)
  A wight (D:6)
  4 howler monkeys (D:8)
  A crimson imp (D:12)
  A jelly (D:9)
  3 hounds
  5 orc priests
  2 orc wizards
  A gnoll shaman (Bailey)
  3 worker ants
  A howler monkey zombie (D:7)
  6 gnolls
  An adder (D:7)
  2 shadow imps
  21 orcs
  5 jackals
  2 goblins (D:8)
  2 kobolds (D:14)
  2 plants
147 creatures vanquished.

Vanquished Creatures (others)
  2 wolves (Lair:6)
  A bullfrog (D:13)
  14 knights
  A jelly (D:9)
  An orc priest (Orc:2)
  An ancestor (D:6)
  10 fungi
  12 plants
42 creatures vanquished.

Grand Total: 966 creatures vanquished

Notes
Turn   | Place    | Note
-------+----------+-------------------------------------------
     0 | D:1      | Klosterheim the Formicid Gladiator began the quest for the Orb.
     0 | D:1      | Reached XP level 1. HP: 16/16 MP: 1/1
   310 | D:1      | Reached XP level 2. HP: 22/22 MP: 2/2
   497 | D:1      | Reached XP level 3. HP: 22/27 MP: 3/3
  1258 | D:2      | Reached XP level 4. HP: 32/33 MP: 4/4
  1386 | D:2      | Found a bloodstained altar of Trog.
  1690 | D:2      | Reached skill level 5 in Maces & Flails
  1715 | D:2      | Reached XP level 5. HP: 34/39 MP: 5/5
  2083 | D:3      | Noticed Anon1729's ghost (weakling DsFE)
  2097 | D:3      | Gained mutation: You expend magic power (3 MP) to strengthen your wands. [potion of mutation]
  2097 | D:3      | Gained mutation: You have sharp toenails. [potion of mutation]
  2097 | D:3      | Gained mutation: Your mind is acute. (Int +2) [potion of mutation]
  2106 | D:3      | Killed Anon1729's ghost
  2106 | D:3      | Reached skill level 3 in Fighting
  2368 | D:3      | Noticed Terence
  2385 | D:3      | Killed Terence
  2463 | D:3      | Noticed Jessica
  2475 | D:3      | Killed Jessica
  2475 | D:3      | Reached XP level 6. HP: 47/47 MP: 6/6
  2539 | D:3      | Noticed Grinder
  2560 | D:3      | Killed Grinder
  2560 | D:3      | Reached skill level 4 in Fighting
  2560 | D:3      | Reached XP level 7. HP: 34/55 MP: 7/7
  2959 | D:3      | Found a sacrificial altar of Ru.
  2959 | D:3      | Found a shadowy altar of Dithmenos.
  2960 | D:3      | Found a blossoming altar of Fedhas.
  2962 | D:3      | Found a shimmering altar of Xom.
  3225 | D:4      | Noticed Mgcat's ghost (amateur OpTm)
  3230 | D:4      | Killed Mgcat's ghost
  3230 | D:4      | Reached skill level 5 in Fighting
  3394 | D:4      | Reached XP level 8. HP: 60/62 MP: 8/8
  3801 | D:5      | Entered Level 5 of the Dungeon
  3801 | D:5      | Noticed Eustachio
  3838 | D:4      | Killed Eustachio
  3973 | D:5      | Noticed Edmund
  4012 | D:4      | Killed Edmund
  4012 | D:4      | Reached skill level 6 in Fighting
  4251 | D:5      | Noticed Ijyb
  4272 | D:5      | Killed Ijyb
  4440 | D:5      | Found a radiant altar of Vehumet.
  4659 | D:5      | Reached XP level 9. HP: 49/71 MP: 9/9
  4816 | D:5      | Found an opulent altar of Gozag.
  5064 | D:5      | Reached skill level 7 in Fighting
  5339 | D:6      | Reached skill level 10 in Maces & Flails
  5901 | D:6      | Found a staircase to the Ecumenical Temple.
  5916 | Temple   | Entered the Ecumenical Temple
  6005 | Temple   | Became a worshipper of Hepliaklqana the Forgotten
  6225 | D:6      | Noticed a hippogriff
  6240 | D:6      | Killed a hippogriff
  6448 | D:6      | Reached skill level 8 in Fighting
  6483 | D:6      | Reached XP level 10. HP: 60/72 MP: 10/10
  6605 | D:6      | Found Sioc's Distillery.
  6827 | D:6      | Found a basalt altar of Yredelemnul.
  7153 | D:7      | Reached skill level 1 in Shields
  7494 | D:7      | Reached * piety under Hepliaklqana
  8052 | D:8      | Found a flagged portal.
  8060 | Bailey   | Entered a bailey
  8348 | Bailey   | Reached skill level 9 in Fighting
  8429 | Bailey   | Got a dazzling chain mail
  8473 | Bailey   | Identified the +4 chain mail of Juthrov {Str+4} (You took it off a gnoll in a bailey)
  9184 | D:8      | Reached ** piety under Hepliaklqana
  9185 | D:8      | Remembered your ancestor Bozena as a knight
  9265 | D:8      | Found a viscous altar of Jiyva.
  9279 | D:8      | Got a bronze ring mail
  9280 | D:8      | Identified the +1 ring mail of the Thinker {Str+7} (You found it on level 8 of the Dungeon)
  9741 | D:9      | Reached XP level 11. HP: 80/80 MP: 11/11
  9815 | D:9      | Reached skill level 10 in Fighting
  9891 | D:9      | Got a translucent brass amulet
 10120 | D:9      | Found a sparkling altar of Nemelex Xobeh.
 10269 | D:9      | Identified the amulet of Rast {rC++ rN+ MR+ Regen+ Str-2} (You found it on level 9 of the Dungeon)
 10284 | D:10     | Entered Level 10 of the Dungeon
 10680 | D:10     | Found a staircase to the Lair.
 10882 | Lair:1   | Entered Level 1 of the Lair of Beasts
 10891 | Lair:1   | Noticed a seven-headed hydra
 10903 | Lair:1   | Killed a seven-headed hydra
 10998 | Lair:1   | Reached *** piety under Hepliaklqana
 11272 | Lair:1   | Reached skill level 1 in Invocations
 11282 | Lair:1   | Noticed Gastronok
 11308 | Lair:1   | Killed Gastronok
 11308 | Lair:1   | Reached skill level 11 in Fighting
 11308 | Lair:1   | Reached XP level 12. HP: 90/90 MP: 11/13
 11334 | Lair:1   | Noticed Sonja
 11398 | Lair:1   | Killed Sonja
 12263 | Lair:2   | Reached skill level 5 in Invocations
 12318 | Lair:2   | Noticed Harold
 12642 | Lair:2   | Reached skill level 5 in Armour
 12690 | Lair:2   | Reached **** piety under Hepliaklqana
 12741 | Lair:2   | Reached skill level 12 in Fighting
 13028 | Lair:2   | Killed Harold
 13088 | Lair:2   | Found a staircase to the Swamp.
 13114 | Lair:2   | Reached XP level 13. HP: 43/97 MP: 17/17
 13485 | Lair:3   | Noticed a six-headed hydra
 13495 | Lair:3   | Killed a six-headed hydra
 13513 | Lair:3   | Found a labyrinth entrance.
 13523 | Lab      | Entered a labyrinth
 14230 | Lab      | Noticed a minotaur
 14242 | Lab      | Killed a minotaur
 14502 | Lair:3   | Reached skill level 13 in Fighting
 14525 | Lair:3   | Found a hole to the Spider Nest.
 15503 | Lair:3   | Reached XP level 14. HP: 72/107 MP: 21/21
 15631 | Lair:3   | Reached ***** piety under Hepliaklqana
 15840 | Lair:4   | Reached skill level 10 in Invocations
 16007 | Lair:4   | Reached skill level 14 in Fighting
 16992 | Lair:5   | Reached skill level 10 in Armour
 17196 | Lair:5   | Found a staircase to the Slime Pits.
 17415 | Lair:5   | Noticed Snorg
 17432 | Lair:5   | Killed Snorg
 17736 | Lair:6   | Entered Level 6 of the Lair of Beasts
 18361 | Lair:6   | Reached skill level 15 in Fighting
 18453 | Lair:6   | Reached XP level 15. HP: 116/116 MP: 24/24
 18592 | Lair:6   | Got a shimmering demon blade
 18861 | Lair:6   | Reached skill level 16 in Fighting
 19690 | D:11     | Noticed Nergalle
 19709 | D:11     | Killed Nergalle
 19850 | D:11     | Found a staircase to the Orcish Mines.
 19879 | Orc:1    | Entered Level 1 of the Orcish Mines
 20318 | D:11     | Reached skill level 5 in Dodging
 20722 | Orc:2    | Entered Level 2 of the Orcish Mines
 20839 | Orc:1    | Noticed Josephine
 20844 | Orc:1    | Killed Josephine
 21229 | Orc:1    | Noticed Urug
 21246 | Orc:1    | Killed Urug
 21451 | Orc:2    | Noticed a stone giant
 21565 | Orc:1    | Killed a stone giant
 21784 | Orc:2    | Reached XP level 16. HP: 62/125 MP: 25/25
 22108 | Orc:2    | Found a staircase to the Elven Halls.
 22699 | Orc:2    | Found Qiyckess's Gadget Shoppe.
 22699 | Orc:2    | Found Boeshrow's Food Shop.
 22701 | Orc:2    | Found Vymoley's Book Shoppe.
 22701 | Orc:2    | Found Meexudusadd's Armour Shop.
 23010 | D:12     | Noticed Fannar
 23018 | D:12     | Killed Fannar
 23092 | D:12     | Noticed Psyche
 23109 | D:12     | Killed Psyche
 23246 | D:12     | Found Hoirch's Magic Scroll Shop.
 23254 | D:12     | Bought a scroll of enchant armour for 82 gold pieces
 23254 | D:12     | Bought a scroll of enchant armour for 82 gold pieces
 23255 | D:12     | Identified 2 scrolls of acquirement
 23256 | D:12     | Got a scorched plate armour
 23258 | D:12     | Got an encrusted scale mail
 23269 | D:12     | Identified the +9 plate armour "Zisaufra" {MR- Str+3 Int+3} (You acquired it on level 12 of the Dungeon)
 23269 | D:12     | Identified the +1 scale mail of Umeur {Int+4} (You acquired it on level 12 of the Dungeon)
 23321 | D:12     | Reached skill level 15 in Maces & Flails
 23422 | D:12     | Found a sparkling altar of Nemelex Xobeh.
 23591 | D:13     | Found a transporter.
 23596 | D:13     | Noticed a fire giant
 23604 | D:13     | Found a transporter.
 23736 | D:13     | Found a gate to the Vaults.
 23900 | D:13     | Reached skill level 17 in Fighting
 23999 | D:13     | Noticed Rupert
 24025 | D:13     | Killed Rupert
 25114 | D:14     | Found a white marble altar of Elyvilon.
 25295 | D:14     | Slain by a titanic slime creature

Vault maps used:
D:1:      roderic_octagonal_star
D:2:      lemuel_coloured_pillars_altar, first_ration, minmay_lizard_king
D:3:      minitemple, hangedman_feature_mirror, uniq_jessica, uniq_grinder,
          uniq_terence
D:4:      minmay_gold_behind_fungi
D:5:      nicolae_gozag_cash_rules_everything_around_me, lemuel_crystal_altar,
          eino_small_chamber_without_monster, uniq_edmund, uniq_eustachio,
          uniq_ijyb
D:6:      lemuel_zombie_altar_yredelemnul, minmay_temple_entry_large_hall,
          serial_shops, shop
D:8:      enter_bailey_3, hangedman_little_slice_of_home
D:9:      nemelex_altar_shiori, lemuel_flamethrower_2
D:10:     grunt_lair_entry_orc_guard_hut, minmay_misc_feat_rugged
D:11:     minmay_orc_entry_guard_dogs, uniq_nergalle
D:12:     basic_altar, serial_shops, shop, kennysheep_decorative_pillar,
          minmay_checkerbox, uniq_psyche, uniq_fannar
D:13:     gammafunk_sealed_arena, david_vaults_1, uniq_rupert
D:14:     elyvilon_altar_3, serial_curves, eino_curves_02, eino_curves_02,
          laboratory
Temple:   oiseaux_autumnal_temple
Lair:1:   grunt_megastairs_1, uniq_sonja, uniq_gastronok
Lair:2:   minmay_swamp_entry_worms, grunt_megastairs_4, serial_bayou_shore_b,
          uniq_harold
Lair:3:   dummy_spider_entry, lab_entry_generic, zaba_antful_of_joy,
          grunt_megastairs_5
Lair:4:   cheibrodos_lair_river_kwai, gammafunk_lair_bear_cave
Lair:5:   dpeg_slime_entry_corner, uniq_snorg
Lair:6:   hangedman_lair_caniforms_friends
Orc:1:    uniq_urug, uniq_josephine
Orc:2:    grunt_orc_tribal_feast
Lab:      labyrinth_watery, nicolae_lab_blocks, labyrinth_skeletal_remains,
          nicolae_lab_diamond
Bailey:   bailey_polearm_gnolls_kennysheep, bailey

Skill      XL: |  1  2  3  4  5  6  7  8  9 10 11 12 13 14 15 16 |
---------------+-------------------------------------------------+-----
Maces & Flails | 4 5 6 7 9 11 12 14 15 | 15.5
Fighting       | 3 4 5 6 8 9 11 12 13 15 16 17 | 17.0
Shields        | 4 |  4.3
Invocations    | 2 6 9 12 13 | 13.3
Armour         | 2 6 8 11 12 | 12.8
Dodging        | 3 4 5 7 |  7.0
Throwing       | |  2.0

Action                   |  1- 3 |  4- 6 |  7- 9 | 10-12 | 13-15 | 16-18 || total
-------------------------+-------+-------+-------+-------+-------+-------++-------
Melee: Flail             |   114 |   170 |   107 |       |       |       ||   391
       Kick              |       |     9 |    94 |   107 |       |       ||   210
       Dire flail        |       |       |   191 |   639 |  1467 |   365 ||  2662
       Great mace        |       |       |       |       |       |   164 ||   164
Invok: Ancestor Identity |       |       |     1 |       |       |       ||     1
       Recall Ancestor   |       |       |       |     4 |     4 |     1 ||     9
       Ancestor Life: Kn |       |       |       |     1 |       |       ||     1
       Transference      |       |       |       |       |     3 |     2 ||     5
       Idealise          |       |       |       |       |     2 |       ||     2
 Abil: Dig               |     2 |     2 |    10 |    19 |    36 |    14 ||    83
Evoke: Wand              |       |       |       |     5 |     4 |     7 ||    16
       Phantom mirror    |       |       |       |     1 |       |       ||     1
       Lightning rod     |       |       |       |       |     2 |       ||     2
  Use: Scroll            |       |     6 |     5 |     6 |     8 |     5 ||    30
       Potion            |       |     6 |       |     4 |     1 |     1 ||    12
 Stab: Distracted        |       |       |       |     2 |     9 |     3 ||    14
       Invisible         |       |       |       |     1 |       |       ||     1
  Eat: Chunk             |     2 |     4 |    14 |    24 |    29 |    17 ||    90
       Ration            |       |       |       |       |     1 |       ||     1
Armor: Leather armour    |    16 |       |       |       |       |       ||    16
       Ring mail         |    21 |    57 |       |       |       |       ||    78
       Skin              |       |    10 |       |       |     4 |       ||    14
       Scale mail        |       |    17 |   113 |       |       |       ||   130
       Plate armour      |       |       |    17 |    88 |       |   151 ||   256
       Chain mail        |       |       |       |   152 |   509 |    55 ||   716
Dodge: Dodged            |    68 |    95 |   166 |   181 |   447 |   162 ||  1119
Block: Buckler           |       |       |       |   170 |   338 |   117 ||   625

Table legend:
 A = Spawn XP
 B = Non-spawn XP
 C = Spawn XP percentage of total XP
 D = Spawn monster count
 E = Non-spawn monster count
 F = Spawn count percentage of total count
 G = Total turns spent on level
                    A         B        C        D         E        F      G
               +---------+---------+-------+---------+---------+-------+---------
         Total |       0 |  151531 |   0.0 |       0 |     921 |   0.0 | 25295
               +---------+---------+-------+---------+---------+-------+---------
           D:1 |       0 |      48 |   0.0 |       0 |      26 |   0.0 |  1061
           D:2 |       0 |      93 |   0.0 |       0 |      36 |   0.0 |   973
           D:3 |       0 |     507 |   0.0 |       0 |      24 |   0.0 |  1114
           D:4 |       0 |     913 |   0.0 |       0 |      20 |   0.0 |   972
           D:5 |       0 |     755 |   0.0 |       0 |      28 |   0.0 |  1012
           D:6 |       0 |    1911 |   0.0 |       0 |      46 |   0.0 |  1563
           D:7 |       0 |     873 |   0.0 |       0 |      18 |   0.0 |  1132
           D:8 |       0 |     852 |   0.0 |       0 |      29 |   0.0 |   696
           D:9 |       0 |    2731 |   0.0 |       0 |      32 |   0.0 |   875
          D:10 |       0 |    1916 |   0.0 |       0 |      25 |   0.0 |   579
          D:11 |       0 |   10414 |   0.0 |       0 |      62 |   0.0 |  1082
          D:12 |       0 |   13848 |   0.0 |       0 |      56 |   0.0 |   806
          D:13 |       0 |   13227 |   0.0 |       0 |      40 |   0.0 |  1024
          D:14 |       0 |   10061 |   0.0 |       0 |      40 |   0.0 |   753
        Lair:1 |       0 |    7249 |   0.0 |       0 |      19 |   0.0 |  1252
        Lair:2 |       0 |    8469 |   0.0 |       0 |      35 |   0.0 |  1293
        Lair:3 |       0 |   16701 |   0.0 |       0 |      68 |   0.0 |  1495
        Lair:4 |       0 |    7327 |   0.0 |       0 |      31 |   0.0 |   932
        Lair:5 |       0 |    8969 |   0.0 |       0 |      32 |   0.0 |  1075
        Lair:6 |       0 |   22573 |   0.0 |       0 |      99 |   0.0 |  1623
         Orc:1 |       0 |   10286 |   0.0 |       0 |      72 |   0.0 |  1170
         Orc:2 |       0 |    9085 |   0.0 |       0 |      50 |   0.0 |  1001
           Lab |       0 |    1508 |   0.0 |       0 |       3 |   0.0 |   830
        Bailey |       0 |    1215 |   0.0 |       0 |      30 |   0.0 |   832
               +---------+---------+-------+---------+---------+-------+---------
